 Dungeon Crawl Stone Soup version 0.30-a0-578-gdee14c521f (webtiles) character file.

Game seed: 10257656043392470331

51438 cforsyth the Grappler (level 14, 0/132 HPs)
             Began as a Ghoul Monk on Dec 31, 2022.
             Was the Champion of Okawaru.
             Slain by a seven-headed hydra (8 damage)
             ... on level 5 of the Lair of Beasts.
             The game lasted 00:38:42 (23569 turns).

cforsyth the Grappler (Ghoul Monk)                 Turns: 23569, Time: 00:38:43

Health: 0/132      AC: 19    Str: 24    XL:     14   Next: 59%
Magic:  17/17      EV:  8    Int:  5    God:    Okawaru [******]
Gold:   1174       SH: 21    Dex: 23    Spells: 13/13 levels left

rFire   + . .      SeeInvis +      - Unarmed
rCold   + . .      Faith    .    h - +3 kite shield
rNeg    + + +      Spirit   .    x - +0 plate armour
rPois   ∞          Reflect  +    r - +0 helmet
rElec   .          Harm     .    C - +0 cloak
rCorr   .          Rampage  .    M - +0 pair of gloves
Will    +....                    (no boots) Stlth
                                 b - amulet "Guige" {Reflect rF+ Str+4 SH+5 SInv}
HPRegen 0.00/turn                K - +6 ring of dexterity
MPRegen 0.15/turn                w - +6 ring of dexterity

@: about to teleport, inhibited regen
A: claws 1, cold resistance 1, negative energy resistance 3, inhibited
regeneration, torment resistance 2, devour on kill
a: Renounce Religion, Heroism, Finesse, Duel


You were on level 5 of the Lair of Beasts.
You worshipped Okawaru.
Okawaru was exalted by your worship.
You visited 3 branches of the dungeon, and saw 18 of its levels.
You also visited: Bailey.

You collected 1348 gold pieces.
You spent 174 gold pieces at shops.

Inventory:

Missiles
 j - a throwing net (quivered)
Armour
 h - a +3 kite shield (worn)
 r - a +0 helmet (worn)
 x - a +0 plate armour (worn)
 C - a +0 cloak (worn)
 M - a +0 pair of gloves (worn)
Jewellery
 b - the amulet "Guige" (around neck) {Reflect rF+ Str+4 SH+5 SInv}
   (You found it in a bailey)

   [amulet of reflection]

   It reflects blocked missile attacks.
   Str:       It affects your strength (+4).
   rF:        It protects you from fire.
   SInv:      It lets you see invisible.
   SH:        It affects your SH (+5).
 d - a ring of protection from cold
 e - a ring of see invisible
 w - a +6 ring of dexterity (right hand)
 K - a +6 ring of dexterity (left hand)
Wands
 s - a wand of flame (24)
 A - a wand of mindburst (7)
 B - a wand of polymorph (12)
 D - a wand of charming (8)
 E - a wand of iceblast (17)
Scrolls
 c - 4 scrolls of magic mapping
 i - 3 scrolls of vulnerability
 k - a scroll of silence
 l - a scroll of torment
 n - 2 scrolls of immolation
 o - 4 scrolls of amnesia
 p - 3 scrolls of fog
 q - a scroll of poison
 u - a scroll of enchant armour
 y - 5 scrolls of teleportation
 z - a scroll of enchant weapon
Potions
 a - 3 potions of magic
 f - 11 potions of curing
 g - 3 potions of brilliance
 m - 3 potions of might
 t - 2 potions of berserk rage {unknown}
 v - a potion of flight
 F - 3 potions of heal wounds
 G - 3 potions of haste
 I - a potion of ambrosia
 L - a potion of attraction


   Skills:
 - Level 14.0 Fighting
 + Level 11.8 Armour
 - Level 2.6 Dodging
 - Level 2.1 Stealth
 + Level 9.8 Shields
 + Level 14.7 Unarmed Combat
 + Level 6.5 Invocations


You had 13 spell levels left.
You didn't know any spells.
Your spell library contained the following spells:

 Spells                   Type           Power      Damage    Failure   Level
 Freeze                   Ice            0%         1d3       100%        1
 Necrotise                Necr           0%         1d4       100%        1
 Blink                    Tloc           0%         N/A       100%        2
 Momentum Strike          Conj/Tloc      0%         3d8       100%        2
 Frozen Ramparts          Ice            0%         1d1       100%        3
 Hailstorm                Conj/Ice       0%         3d3       100%        3
 Ignite Poison            Fire/Tmut/Pois 0%         N/A       100%        3
 Kindle Blastsparks       Fire/Tloc/Air  0%         2d10      100%        3
 Lesser Beckoning         Tloc           0%         N/A       100%        3
 Vampiric Draining        Necr           0%         2d6       100%        3
 Agony                    Necr           0%         N/A       100%        5
 Freezing Cloud           Conj/Ice/Air   0%         6-21      100%        5
 Animate Dead             Necr           Unusable   N/A       N/A         4
 Ice Form                 Ice/Tmut       Unusable   N/A       N/A         4
 Simulacrum               Ice/Necr       Unusable   N/A       N/A         6
 Haunt                    Necr/Summ      Unusable   N/A       N/A         7
 Infestation              Necr           Unusable   N/A       N/A         8

Dungeon Overview and Level Annotations

Branches:
Dungeon (12/15)            Temple (1/1) D:6            Lair (5/5) D:11
  Swamp (0/4) Lair:3        Snake (0/4) Lair:3        Slime (0/5) Lair:5
    Orc (0/2) D:9          Bailey (visited)

Altars:
Ashenzari
Cheibriados
Dithmenos
Fedhas
Gozag
Hepliaklqana
Kikubaaqudgha
Makhleb
Nemelex Xobeh
Okawaru
Qazlal
Ru
Sif Muna
Trog
Uskayaw
Vehumet
Wu Jian
Xom
Yredelemnul

Shops:
D:3 !   D:6 ?

Annotations:
D:8 2 transporters, p00ps00p's ghost, novice HOFi
Lair:5 Snorg


Innate Abilities, Weirdness & Mutations

You are immune to poison.
You have sharp fingernails.
Your flesh is cold resistant. (rC+)
You are immune to negative energy. (rN+++)
You do not regenerate when monsters are visible.
You are immune to unholy pain and torment.
You thrive by killing the living.


Message History

You block Snorg's attack. x2; Snorg claws you.
The seven-headed hydra bites you but does no damage. x2
The seven-headed hydra bites you! x2
The seven-headed hydra barely misses you.
The seven-headed hydra bites you but does no damage.
You block the seven-headed hydra's attack.
Snorg bites you. Snorg claws you. You block Snorg's attack.
You are too injured to fight recklessly!
As you read the scroll of teleportation, it crumbles to dust.
You feel strangely unstable. You block Snorg's attack.
Snorg claws you but does no damage. You block Snorg's attack.
You block the seven-headed hydra's attack.
The seven-headed hydra barely misses you.
The seven-headed hydra bites you but does no damage.
You block the seven-headed hydra's attack.
The seven-headed hydra closely misses you.
The seven-headed hydra bites you.
* * * LOW HITPOINT WARNING * * *
The seven-headed hydra bites you but does no damage.
You block Snorg's attack. x2; Snorg claws you!
* * * LOW HITPOINT WARNING * * *
The seven-headed hydra attacks as you move away!
You block the seven-headed hydra's attack.
The seven-headed hydra closely misses you.
The seven-headed hydra bites you!
* * * LOW HITPOINT WARNING * * *
You block the seven-headed hydra's attack. x2
The seven-headed hydra bites you but does no damage. x2
You block Snorg's attack. Snorg claws you!
* * * LOW HITPOINT WARNING * * *
You block Snorg's attack.
The seven-headed hydra attacks as you move away!
The seven-headed hydra bites you but does no damage.
The seven-headed hydra closely misses you.
The seven-headed hydra bites you but does no damage.
You block the seven-headed hydra's attack.
The seven-headed hydra bites you but does no damage.
You block the seven-headed hydra's attack.
The seven-headed hydra bites you!
You die...

.............#########.#
#.............####...###
#...........#.#..#....P.#
........................#
.†...†...................
.......................###
...........##P.........#.#
...........#.............##
..........#.#...@.........#
.........###....TD......#
...........#.....$..†...##
.........................#
........................##
.......................##
###.... #............##
#### ###..........#
#............


You could see Snorg (berserk) and a seven-headed hydra.

Vanquished Creatures
  Josephine (D:10)
  2 catoblepae
  4 hydras
  A centaur warrior (D:11)
  3 two-headed ogres
  10 death yaks (Lair:5)
  2 boulder beetles
  A lindwurm (Lair:3)
  An ugly thing (D:11)
  8 elephants
  7 black mambas
  Joseph (Lair:1)
  A torpor snail (Lair:5)
  3 gargoyles
  9 cane toads
  An unseen horror (D:10)
  4 rime drakes
  5 komodo dragons
  4 polar bears
  The ghost of themarg the Insei, an amateur GnTm (D:3)
  A hornet (Lair:2)
  Prince Ribbit (Temple)
  12 blink frogs
  3 trolls
  4 dream sheep (Lair:5)
  A slime creature (D:8)
  A shadow (D:10)
  40 yaks
  A vampire (D:12)
  4 wraiths
  3 basilisks
  5 wyverns
  Grum (Bailey)
  4 wargs (D:10)
  A steam dragon (D:8)
  7 vampire mosquitoes
  An acid dragon (D:9)
  17 water moccasins
  A sky beast (D:7)
  2 black bears
  9 orc warriors
  The ghost of Unforgiven the Trooper, an amateur NaFi (D:3)
  22 wolves
  An ice beast (D:6)
  2 ogres
  11 centaurs
  A phantom (D:4)
  A kobold brigand (D:9)
  3 necrophages
  8 gnoll sergeants
  9 bullfrogs
  9 scorpions
  17 killer bees (D:9)
  3 electric eels (D:11)
  2 howler monkeys
  5 gnoll boudas
  5 hounds
  11 jellies
  7 orc priests
  Crazy Yiuf (D:4)
  4 iguanas
  5 hell rats
  11 orc wizards
  Robin (D:2)
  15 adders
  30 gnolls
  2 white imps
  2 worms
  3 dart slugs
  56 orcs
  7 ball pythons
  17 endoplasms
  3 giant cockroaches (D:1)
  18 goblins
  17 hobgoblins
  11 kobolds
  4 quokkas
  3 bats
  6 frilled lizards
  6 rats
528 creatures vanquished.

Vanquished Creatures (collateral kills)
  A gnoll bouda (Bailey)
  A gnoll (Bailey)
2 creatures vanquished.

Vanquished Creatures (others)
  Nessos (Lair:5)
  A wolf (Bailey)
  A gnoll sergeant (Bailey)
  26 fungi
  32 plants
  6 withered plants (D:3)
67 creatures vanquished.

Grand Total: 597 creatures vanquished

Notes
Turn   | Place    | Note
-------+----------+-------------------------------------------
     0 | D:1      | cforsyth the Ghoul Monk began the quest for the Orb.
     0 | D:1      | Reached XP level 1. HP: 19/19 MP: 0/0
    67 | D:1      | Reached XP level 2. HP: 23/26 MP: 1/1
   456 | D:1      | Reached XP level 3. HP: 33/33 MP: 2/2
   586 | D:2      | Noticed Robin
   608 | D:2      | Killed Robin
   630 | D:2      | Reached XP level 4. HP: 34/41 MP: 3/3
  1530 | D:3      | Found an opulent altar of Gozag.
  1562 | D:3      | Reached XP level 5. HP: 47/47 MP: 4/4
  1772 | D:3      | Reached skill level 5 in Fighting
  1772 | D:3      | Reached skill level 5 in Unarmed Combat
  1857 | D:3      | Found a runed translucent gate.
  1857 | D:3      | Found a runed translucent gate.
  1857 | D:3      | Found a runed translucent gate.
  1859 | D:3      | Noticed themarg's ghost (amateur GnTm)
  1859 | D:3      | Noticed Unforgiven's ghost (amateur NaFi)
  1924 | D:3      | Found Quaqiw's Distillery.
  1935 | D:3      | Bought a potion of curing for 39 gold pieces
  1935 | D:3      | Bought a potion of heal wounds for 65 gold pieces
  1993 | D:3      | Found a faded altar of an unknown god.
  2067 | D:3      | Found a blossoming altar of Fedhas.
  2125 | D:3      | Found a shimmering blue altar of Sif Muna.
  2168 | D:3      | Found a sparkling altar of Nemelex Xobeh.
  2328 | D:4      | Noticed a phantom
  2340 | D:4      | Killed a phantom
  2341 | D:4      | Reached skill level 1 in Armour
  2341 | D:4      | Reached XP level 6. HP: 45/56 MP: 5/5
  2594 | D:4      | Reached XP level 7. HP: 46/62 MP: 6/6
  3001 | D:4      | Found a burning altar of Makhleb.
  3061 | D:4      | You fall into a shaft and drop 2 floors!
  3102 | D:6      | Found a staircase to the Ecumenical Temple.
  3109 | D:6      | Noticed Prince Ribbit
  3111 | Temple   | Entered the Ecumenical Temple
  3179 | Temple   | Killed Prince Ribbit
  3180 | Temple   | Reached XP level 8. HP: 35/71 MP: 7/7
  3312 | D:5      | Entered Level 5 of the Dungeon
  3345 | D:5      | Noticed a yak
  3653 | D:4      | Identified the +4 ring mail of the Vaults {*Corrode Str+5
                  | Dex+2}
  3760 | D:4      | Found a runed translucent door.
  3761 | D:4      | Noticed Crazy Yiuf
  4317 | D:6      | Found Etumyiha's Magic Scroll Shop.
  4337 | D:6      | Bought a scroll of teleportation for 30 gold pieces
  4337 | D:6      | Bought a scroll of identify for 20 gold pieces
  4337 | D:6      | Bought a scroll of identify for 20 gold pieces
  4753 | D:6      | Found a hide-covered altar of Uskayaw.
  5230 | D:5      | Reached skill level 5 in Armour
  5279 | D:5      | Killed a yak
  5280 | D:5      | Reached XP level 9. HP: 43/81 MP: 8/8
  6010 | D:3      | Killed themarg's ghost
  6017 | D:3      | Killed Unforgiven's ghost
  6209 | D:4      | Killed Crazy Yiuf
  6396 | D:7      | Identified the +0 robe of Morality {Dex+5}
  6570 | D:7      | Found a broken altar of Ashenzari.
  7138 | D:8      | Found a transporter.
  7139 | D:8      | Noticed p00ps00p's ghost (novice HOFi)
  7143 | D:8      | Noticed a moth of wrath
  7464 | D:8      | Reached skill level 1 in Shields
  7582 | D:8      | Reached XP level 10. HP: 91/91 MP: 9/9
  7613 | D:8      | Found a transporter.
  8454 | D:9      | Reached skill level 10 in Fighting
  8458 | D:9      | Reached skill level 10 in Unarmed Combat
  8608 | D:9      | Found a flagged portal.
  8622 | Bailey   | Entered a bailey
  9121 | Bailey   | Noticed Grum
  9176 | Bailey   | Killed Grum
 10182 | Bailey   | Identified the amulet "Guige" {Reflect rF+ Str+4 SH+5 SInv}
 10659 | D:9      | Reached XP level 11. HP: 70/101 MP: 10/10
 11074 | D:9      | Found a staircase to the Orcish Mines.
 11535 | D:10     | Entered Level 10 of the Dungeon
 11802 | D:10     | Reached skill level 5 in Shields
 12332 | D:10     | Found an ancient bone altar of Kikubaaqudgha.
 12403 | D:10     | Noticed Josephine
 12874 | D:10     | Killed Josephine
 12989 | D:10     | Found an iron altar of Okawaru.
 13209 | D:10     | Became a worshipper of Warmaster Okawaru
 13209 | D:10     | Reached * piety under Okawaru
 13209 | D:10     | Reached ** piety under Okawaru
 13313 | D:11     | Noticed a white ugly thing
 13324 | D:11     | Killed a white ugly thing
 13586 | D:11     | Found a staircase to the Lair.
 14208 | D:10     | Reached XP level 12. HP: 106/112 MP: 11/11
 14681 | D:11     | Noticed a centaur warrior
 14696 | D:11     | Killed a centaur warrior
 14696 | D:11     | Reached *** piety under Okawaru
 14781 | D:11     | Found an iron altar of Okawaru.
 14885 | D:11     | Noticed a two-headed ogre
 14893 | D:11     | Killed a two-headed ogre
 15326 | D:12     | Noticed a two-headed ogre
 15327 | D:12     | Noticed a two-headed ogre
 15338 | D:12     | Killed a two-headed ogre
 15341 | D:12     | Killed a two-headed ogre
 15363 | D:11     | Reached **** piety under Okawaru
 15489 | Lair:1   | Entered Level 1 of the Lair of Beasts
 15902 | Lair:1   | Reached skill level 10 in Armour
 16033 | Lair:1   | Noticed a boulder beetle
 16062 | Lair:1   | Killed a boulder beetle
 16189 | Lair:1   | Reached ***** piety under Okawaru
 16383 | Lair:1   | Noticed Joseph
 16393 | Lair:1   | Killed Joseph
 16557 | Lair:1   | Reached XP level 13. HP: 120/122 MP: 12/12
 17493 | Lair:1   | Reached skill level 1 in Invocations
 18747 | Lair:3   | Received a gift from Okawaru
 19643 | Lair:3   | Found a staircase to the Snake Pit.
 19887 | Lair:3   | Found a staircase to the Swamp.
 19939 | Lair:3   | Identified the +3 hand axe of Haunted Absolution {flame,
                  | Fly}
 20936 | Lair:4   | Received a gift from Okawaru
 21356 | Lair:4   | Identified the +4 sling of the Shore {antimagic, rElec
                  | Str+2}
 21704 | Lair:5   | Entered Level 5 of the Lair of Beasts
 21926 | Lair:5   | Reached XP level 14. HP: 119/132 MP: 16/16
 22187 | Lair:5   | Reached skill level 5 in Invocations
 23026 | Lair:5   | Found a staircase to the Slime Pits.
 23254 | Lair:5   | Noticed Nessos
 23266 | Lair:5   | Killed Nessos
 23416 | Lair:5   | Reached ****** piety under Okawaru
 23548 | Lair:5   | Noticed Snorg
 23569 | Lair:5   | Slain by a seven-headed hydra

Illustrated notes

Levels and vault maps discovered:
D:1:      lightli_arrival_chessboard, layout_basic, dk_noncrumbling_4,
          minmay_surrounded
D:2:      layout_loops_cross, hangedman_decor_push, uniq_robin
D:3:      layout_rooms, nemelex_spade_bored_becter,
          mainiacjoe_overflow_cross_hatched, mainiacjoe_overflow_alcove_4,
          lemuel_crystal_altar, gammafunk_ghost_cemetery,
          hellmonk_ecumenical_altar_prayer_group, serial_shops,
          nicolae_shop_crystal
D:4:      layout_loops_ring, kennysheep_mini, uniq_crazy_yiuf_cottage
D:5:      minmay_chambers_of_threes, layout_basic
D:6:      layout_loops_ring, nicolae_overflow_hidden_temple,
          minmay_temple_entry_arrows, serial_shops, shop_coins,
          uniq_prince_ribbit1
D:7:      layout_loops_cross, mainiacjoe_overflow_catwalk, zin_academy,
          grunt_ministairs_8
D:8:      lemuel_slime, layout_rooms, gammafunk_ghost_berserking_beasts,
          corexii_checkpoint_b
D:9:      layout_gridville, david_orc_3, enter_bailey_7
D:10:     layout_rooms, mainiacjoe_overflow_alcove_1,
          mainiacjoe_overflow_alcove_2, nooodl_orcs_dogs, uniq_josephine
D:11:     layout_basic, lair_entry_dummy, okawaru_altar_gauntlet_db
D:12:     layout_layer_cave, nicolae_take_the_stairs, kiku_gazebo_garden_becter
Temple:   nicolae_temple_ecumenical_triangle
Lair:1:   layout_hall_layers, grunt_megastairs_1, serial_bayou_shore_a,
          infiniplex_staircase_pool_2, uniq_joseph
Lair:2:   layout_cave_shapes
Lair:3:   layout_regular_city, minmay_swamp_entry_swarm,
          minmay_snake_entry_six_corridors
Lair:4:   layout_hall_layers, lemuel_fruit_fields, infiniplex_staircase_pool,
          grunt_megastairs_2, lemuel_fruit_tree
Lair:5:   grunt_lair_end_beastmaster, layout_cave_pods, slime_entry_1,
          lemuel_fruit_fields, uniq_nessos, uniq_snorg

Skill      XL: |  1  2  3  4  5  6  7  8  9 10 11 12 13 14 |
---------------+-------------------------------------------+-----
Fighting       | 4 5 6 8 9 10 11 13 14 | 14.0
Unarmed Combat | 4 5 6 8 9 10 11 13 14 | 14.7
Armour         | 1 2 3 5 6 7 9 10 11 | 11.8
Shields        | 1 4 6 7 9 |  9.8
Invocations    | 4 6 |  6.5
Dodging        | |  2.6
Stealth        | |  2.1

Action                   |  1- 3 |  4- 6 |  7- 9 | 10-12 | 13-15 || total
-------------------------+-------+-------+-------+-------+-------++-------
Melee: Unarmed           |    90 |   169 |   403 |   892 |   669 ||  2223
       Punch             |     3 |     7 |    22 |       |       ||    32
Invok: Heroism           |       |       |       |     3 |     6 ||     9
Evoke: Wand              |       |       |     1 |    21 |       ||    22
  Use: Potion            |       |       |     3 |     4 |       ||     7
       Scroll            |       |       |    10 |     6 |     8 ||    24
 Stab: Sleeping          |     4 |     5 |       |       |       ||     9
Armor: Robe              |    17 |     7 |       |       |       ||    24
       Ring mail         |       |    18 |     8 |       |       ||    26
       Plate armour      |       |       |   159 |   327 |   358 ||   844
Dodge: Dodged            |    38 |    77 |    99 |   213 |   191 ||   618
Block: Other             |     5 |    32 |    70 |       |       ||   107
       Reflection        |     1 |     1 |     5 |    45 |     8 ||    60
       Kite shield       |       |       |    32 |   927 |   884 ||  1843

Table legend: (Time is in decaauts)
 A = Elapsed time spent in this place.
 B = Non-inter-level travel time spent in this place.
 C = Inter-level travel time spent in this place.
 D = Time resting spent in this place.
 E = Time spent auto-exploring this place.
 F = Levels seen in this place.
 G = Mean time per level.
                   A        B        C        D        E       F      G
               +--------+--------+--------+--------+--------+-----+--------+
         Total |  23438 |  22268 |   1170 |   6138 |  11499 |  19 | 1233.6 |
       Dungeon |  13959 |  12937 |   1022 |   2247 |   7923 |  12 | 1163.2 |
        Temple |    179 |    161 |     18 |    114 |     18 |   1 |  179.0 |
          Lair |   7635 |   7506 |    129 |   2778 |   3273 |   5 | 1527.0 |
        Bailey |   1663 |   1663 |      0 |    999 |    285 |   1 | 1663.0 |
               +--------+--------+--------+--------+--------+-----+--------+

Top non-repeatable levels by time:
    D:11: 1847 daAuts
     D:9: 1839 daAuts
    D:10: 1830 daAuts
  Lair:1: 1706 daAuts
  Lair:5: 1664 daAuts
  Bailey: 1663 daAuts
  Lair:4: 1524 daAuts
  Lair:2: 1501 daAuts
     D:8: 1395 daAuts
     D:4: 1366 daAuts
  Lair:3: 1239 daAuts
     D:6: 1129 daAuts
     D:2: 1054 daAuts
     D:5: 1009 daAuts
     D:3: 958 daAuts
